Map: Goldene Säulen LE

Players

K.I.-1 (Sehr leicht)

  • Race: Zerg Zerg
  • Spawn Location: 1:00

Booya - Winner!

  • Race: Zerg Zerg
  • League: Gold
  • Spawn Location: 7:00

VOD

Have the link to the VOD?

Description

replay made just for import

Time

  • Played on: Oct. 29, 2020, 4:50 p.m.
  • Length: 10:30
Show
View Real Time Build Order
Export as new Build Order

K.I.-1 (Sehr leicht) Zerg 

Build Orders: Pool Only 

Get SALT Encoding   

  12  0:01  Drone  
  13  0:12  Overlord  
  13  0:17  Drone  
  14  0:36  Spawning Pool  
  14  0:38  Extractor  
  14  0:40  Drone  
  13  0:47  Drone  
  14  0:52  Overlord  
  14  1:23  Zergling x2, Queen  
  17  1:33  Roach Warren  
  17  1:34  Extractor  
  17  1:38  Drone  
  16  1:46  Drone  
  17  1:50  Zergling x2  
  18  2:04  Drone  
  19  2:11  Drone  
  20  2:17  Zergling x2  
  20  2:21  Drone  
  22  2:30  Overlord  
  22  2:35  Drone  
  23  2:43  Drone  
  24  2:45  Roach  
  24  2:50  Drone  
  27  7:03  Zergling x2  
  23  7:10  Queen  
  23  7:16  Overlord, Drone  
  24  7:24  Drone  
  24  7:31  Drone  
  24  7:32  Roach  
  21  7:38  Drone  
  18  7:45  Drone  
  18  7:47  Lair  
  17  7:52  Drone  
  12  7:59  Spawning Pool  
  12  8:00  Drone  
  12  8:01  Roach  
  12  8:07  Drone  
  12  8:14  Drone  
  12  8:21  Drone  
  10  8:28  Drone  
  9  8:35  Drone  
  9  8:43  Drone  
  9  8:46  Overseer x2  
  9  8:48  Zergling x2, Queen  
  12  8:49  Roach Warren  
  12  8:50  Drone  
  10  8:57  Drone  
  10  9:04  Drone  
  8  9:12  Drone  
  8  9:16  Zergling x2  
  9  9:19  Drone  
  10  9:26  Drone  
  10  9:29  Queen  
  10  9:44  Drone  
  10  9:45  Zergling x2  
  9  9:54  Drone  
  8  10:01  Drone  
Show
View Real Time Build Order
Export as new Build Order

Booya Zerg - Winner!

Build Orders: Hatch First, Roach Hydra 

Get SALT Encoding   

  12  0:00  Drone  
  13  0:12  Overlord  
  13  0:17  Drone  
  14  0:30  Drone x2  
  14  0:34  Drone  
  17  0:54  Hatchery  
  17  0:56  Drone  
  17  1:10  Spawning Pool  
  16  1:14  Drone  
  16  1:17  Drone  
  18  1:20  Drone  
  19  1:27  Overlord  
  19  1:38  Drone  
  20  1:49  Drone  
  21  1:56  Queen  
  21  2:00  Zergling x2  
  24  2:06  Queen  
  24  2:07  Zergling x2  
  27  2:10  Drone  
  27  2:14  Spine Crawler  
  27  2:17  Drone  
  27  2:21  Drone  
  29  2:27  Drone  
  30  2:32  Queen  
  30  2:34  Overlord  
  32  2:41  Queen  
  32  2:44  Drone  
  35  2:46  Drone  
  36  2:52  Drone  
  36  2:54  Drone  
  38  3:00  Drone  
  39  3:06  Overlord, Drone  
  39  3:07  Drone  
  39  3:09  Drone  
  42  3:16  Drone x2  
  42  3:18  Extractor  
  43  3:21  Extractor x2  
  43  3:22  Extractor, Drone  
  43  3:23  Drone  
  43  3:24  Drone  
  43  3:30  Drone x2  
  45  3:44  Drone x3  
  45  3:45  Drone x3  
  51  3:49  Drone  
  51  3:52  Overlord  
  51  3:53  Overlord  
  51  3:55  Evolution Chamber  
  51  3:56  Evolution Chamber  
  51  4:00  Lair  
  50  4:07  Roach Warren  
  50  4:09  Drone  
  50  4:11  Drone  
  50  4:14  Drone x2  
  50  4:17  Drone  
  54  4:19  Drone  
  55  4:25  Zerg Missile Weapons Level 1  
  55  4:29  Zerg Ground Armor Level 1  
  55  4:48  Overlord x2, Roach x5  
  65  4:58  Glial Reconstitution  
  65  5:02  Hatchery  
  64  5:15  Overlord x2  
  64  5:20  Roach  
  64  5:21  Roach x3  
  72  5:35  Overlord x2  
  72  5:36  Roach x4  
  80  5:49  Roach  
  90  5:50  Roach x4  
  90  5:52  Overlord  
  90  5:57  Roach  
  92  6:12  Ravager x6  
  92  6:14  Roach x5  
  108  6:23  Zerg Missile Weapons Level 2  
  108  6:27  Drone x6  
  114  6:41  Zerg Ground Armor Level 2  
  114  6:53  Overlord x2  
  114  6:54  Overlord  
  114  6:59  Hydralisk Den  
  113  7:10  Drone  
  113  7:11  Drone x8  
  113  7:12  Drone x6  
  113  7:15  Extractor  
  127  7:16  Extractor  
  127  7:22  Pneumatized Carapace  
  126  7:29  Drone x3  
  128  7:35  Muscular Augments  
  127  7:40  Overlord  
  127  7:41  Overlord x2, Hydralisk x2  
  131  7:44  Hydralisk  
  131  7:48  Hydralisk  
  131  7:49  Hydralisk  
  137  7:51  Hydralisk  
  137  7:54  Hydralisk  
  141  8:08  Overlord x3  
  141  8:09  Hydralisk x3  
  141  8:10  Hydralisk  
  147  8:21  Hydralisk x4  
  147  8:22  Hydralisk  
  157  8:37  Hydralisk  
  157  8:38  Hydralisk x3  
  157  8:39  Hatchery  
  164  8:45  Burrow  
  164  8:46  Grooved Spines  
  164  8:55  Infestation Pit  
  163  8:58  Hydralisk x6  
  175  9:19  Hydralisk  
  175  9:20  Hydralisk x7  
  175  9:22  Hydralisk  
  193  9:25  Hydralisk  
  193  9:28  Hydralisk  
  197  9:31  Hydralisk  
Tags
 
Composition
Roach Hydra
League
Gold
Matchup
ZvZ
Race
Zerg
Spawn Locations
Cross Positions
Add a new tag
Caveats
  • Supply blocks, unpowered buildings, or Contaminate may cause inaccurate times.
  • Supply counts are checked every 10 seconds.